 Dungeon Crawl Stone Soup version 0.26-a0-639-g72c4674329 (webtiles) character file.

Game seed: 12577663407547254326

471 DogServant the Skirmisher (level 7, -1/59 HPs)
             Began as a Formicid Fighter on Sept 19, 2020.
             Slain by an ogre
             ... wielding a +0 giant club
              (9 damage)
             ... on level 4 of the Dungeon.
             The game lasted 00:02:48 (2495 turns).

DogServant the Skirmisher (Formicid Fighter)        Turns: 2495, Time: 00:02:48

Health: -1/59      AC:  8    Str: 22    XL:     7   Next: 31%
Magic:  7/7        EV: 12    Int:  8    God:
Gold:   179        SH:  9    Dex: 10    Spells: 6/6 levels left

rFire    . . .     SeeInvis +   a - +0 war axe
rCold    . . .     Faith    .   c - +0 kite shield
rNeg     . . .     Spirit   .   b - +0 scale mail
rPois    .         Reflect  .   (helmet unavailable)
rElec    .         Harm     .   (no cloak)
rCorr    .         Rampage  .   (no gloves)
MR       .....                  j - +0 pair of boots
Stlth    ..........             (no amulet)
HPRegen  0.19/turn              i - +4 ring of evasion
MPRegen  0.10/turn              (no ring)

@: lethally poisoned (-1 -> -3)
A: permanent stasis, dig shafts and tunnels, four strong arms, antennae 3
a: Dig, Shaft Self


You were on level 4 of the Dungeon.
You visited 1 branch of the dungeon, and saw 4 of its levels.

You collected 179 gold pieces.

Inventory:

Hand Weapons
 a - a +0 war axe (weapon)
Armour
 b - a +0 scale mail (worn)
 c - a +0 kite shield (worn)
 j - a +0 pair of boots (worn)
 s - a cursed +0 pair of boots
Jewellery
 i - a +4 ring of evasion (left hand)
 r - an uncursed amulet of reflection {unknown}
Scrolls
 e - a scroll of noise {unknown}
 g - a scroll of blinking {unknown}
 h - 4 scrolls of identify {unknown}
 l - 2 scrolls of enchant armour {unknown}
 m - 4 scrolls of teleportation {unknown}
 n - a scroll of fear {unknown}
 o - 2 scrolls of amnesia {unknown}
 p - a scroll of random uselessness {unknown}
Potions
 d - a potion of might
 f - a potion of lignification {unknown}
 k - a potion of cancellation {unknown}
 q - a potion of invisibility {unknown}
 t - a potion of haste {unknown}


   Skills:
 + Level 6.4 Fighting
 + Level 5.4 Axes
 - Level 3.2 Armour
 - Level 3.6 Shields


You had 6 spell levels left.
You didn't know any spells.
Your spell library was empty.

Dungeon Overview and Level Annotations

Branches:
Dungeon (4/15)
 Temple: D:4-7

Altars:
Makhleb

Annotations:
D:3 Sigmund


Innate Abilities, Weirdness & Mutations

You cannot be hasted, slowed, berserked, paralysed or teleported.
You can dig through walls and to a lower floor.
Your four strong arms can wield two-handed weapons with a shield.
You have a pair of large antennae on your head. (SInv)


Message History

You are too injured to fight recklessly!
You are too injured to fight recklessly!
You are too injured to fight recklessly!
You are too injured to fight recklessly!
You are too injured to fight recklessly!
You are too injured to fight recklessly!
You are too injured to fight recklessly!
You are too injured to fight recklessly!
You are too injured to fight recklessly!
You are too injured to fight recklessly!
You are too injured to fight recklessly!
You are too injured to fight recklessly!
You are too injured to fight recklessly!
You closely miss the ogre. The ogre hits you with a +0 giant club!
* * * LOW HITPOINT WARNING * * *
You barely miss the ogre.
You feel sick. You block the ogre's attack.
You slash the ogre!
The ogre is moderately wounded.
The ogre hits you with a +0 giant club!
You die...

#.##..># .
#####.#....... ###
#..#.....# ... ##.##
#.....##.#....
##...###.#.#........#
##....##..###.........
#........## #..###...#
##.......# ##..# ...
####.......# #.@##
.##...)...##.#..O.#
.#..#.[.............
....#..........##.....
...............
.......
.###...........
....... ..............
#..?.#. .#.###...##...
###.# ##......## #..


You could see an ogre.

Vanquished Creatures
  Eustachio (D:4)
  An ogre (D:4)
  A hound (D:4)
  An orc priest (D:4)
  2 worker ants (D:4)
  5 adders
  A gnoll (D:1)
  2 oozes
  3 worms
  2 adder skeletons (D:4)
  4 dart slugs
  3 leopard geckos
  2 orcs (D:4)
  3 giant cockroaches
  4 goblins
  6 hobgoblins
  5 jackals
  7 bats
  2 frilled lizards
  4 kobolds
  A quokka skeleton (D:4)
  6 rats
66 creatures vanquished.

Vanquished Creatures (others)
  A plant (D:1)
1 creature vanquished.

Grand Total: 67 creatures vanquished

Notes
Turn   | Place    | Note
-------+----------+-------------------------------------------
     0 | D:1      | DogServant the Formicid Fighter began the quest for the
                  | Orb.
     0 | D:1      | Reached XP level 1. HP: 18/18 MP: 1/1
     2 | D:1      | Noticed a gargoyle
     2 | D:1      | Noticed a vine stalker
     4 | D:1      | Noticed a centaur
     4 | D:1      | Noticed a tengu
     6 | D:1      | Noticed a felid
     6 | D:1      | Noticed a ghoul
     8 | D:1      | Noticed an elf
    10 | D:1      | Noticed a human
    10 | D:1      | Noticed a vampire
    12 | D:1      | Noticed an octopode
    14 | D:1      | Noticed a dwarf
    14 | D:1      | Noticed a minotaur
    16 | D:1      | Noticed a halfling
    16 | D:1      | Noticed a demigod
    18 | D:1      | Noticed a formicid
    18 | D:1      | Noticed a draconian
    20 | D:1      | Noticed a troll
    20 | D:1      | Noticed a spriggan
    22 | D:1      | Noticed a naga
    22 | D:1      | Noticed a merfolk
    24 | D:1      | Noticed a demonspawn
    26 | D:1      | Noticed an ogre
    64 | D:1      | Reached XP level 2. HP: 25/25 MP: 2/2
   230 | D:1      | Reached XP level 3. HP: 30/30 MP: 3/3
   233 | D:1      | Reached skill level 4 in Fighting
  1032 | D:2      | Reached XP level 4. HP: 38/38 MP: 4/4
  1931 | D:3      | Noticed Sigmund
  1956 | D:4      | Reached XP level 5. HP: 40/43 MP: 5/5
  1991 | D:4      | Noticed an ogre
  1996 | D:4      | Reached skill level 5 in Fighting
  1999 | D:4      | Killed an ogre
  1999 | D:4      | Reached XP level 6. HP: 38/51 MP: 6/6
  2121 | D:4      | Noticed Eustachio
  2151 | D:4      | Killed Eustachio
  2151 | D:4      | Reached skill level 6 in Fighting
  2151 | D:4      | Reached skill level 5 in Axes
  2151 | D:4      | Reached XP level 7. HP: 24/58 MP: 7/7
  2359 | D:4      | Found a burning altar of Makhleb.
  2495 | D:4      | Slain by an ogre

Illustrated notes

Levels and vault maps discovered:
D:1:      kb_arrival_jail, layout_basic, serial_forest,
          infiniplex_forest_clump_curved, infiniplex_forest_clump_small,
          infiniplex_forest_straight_3, infiniplex_forest_end_2,
          infiniplex_forest_clump_medium, infiniplex_forest_side_room,
          infiniplex_forest_end_2, minmay_ruptured
D:2:      layout_basic
D:3:      layout_rooms, nicolae_overflow_crystal_walls, fedhas_altar_fruit_tree,
          lemuel_coloured_pillars_altar, uniq_sigmund
D:4:      layout_cave_pools, kiku_gazebo_garden_becter, lemuel_doored_altar,
          uniq_duvessa, uniq_menkaure, uniq_eustachio, uniq_edmund

Skill      XL: |  1  2  3  4  5  6 |
---------------+-------------------+-----
Fighting       | 4 5 6 |  6.4
Axes           | 3 4 5 |  5.4
Armour         | |  3.2
Shields        | |  3.6

Action                   |  1- 3 |  4- 6 |  7- 9 || total
-------------------------+-------+-------+-------++-------
Melee: War axe           |    64 |   134 |    16 ||   214
Armor: Scale mail        |    16 |    66 |     6 ||    88
Dodge: Dodged            |    20 |    82 |     9 ||   111
Block: Kite shield       |    45 |    96 |     6 ||   147

Table legend: (Time is in decaauts)
 A = Elapsed time spent in this place.
 B = Non-inter-level travel time spent in this place.
 C = Inter-level travel time spent in this place.
 D = Time resting spent in this place.
 E = Time spent auto-exploring this place.
 F = Levels seen in this place.
 G = Mean time per level.
                   A        B        C        D        E       F      G
               +--------+--------+--------+--------+--------+-----+--------+
         Total |   2576 |   2519 |     57 |      0 |   1979 |   4 |  644.0 |
       Dungeon |   2576 |   2519 |     57 |      0 |   1979 |   4 |  644.0 |
               +--------+--------+--------+--------+--------+-----+--------+

Top non-repeatable levels by time:
     D:1: 989 daAuts
     D:2: 898 daAuts
     D:4: 573 daAuts
     D:3: 116 daAuts
